Rafales vs Saguenéens

Created - 10 mai 2016 at 20:32

Goals
1 2 3 T
Rafales 2 1 0 3
Saguenéens 1 1 3 5
Shots
1 2 3 T
Rafales 12 12 13 37
Saguenéens 7 16 16 39

1st period

1. Rafales , Mike Zigomanis 1 (Cody McLeod) at 0:06
2. Saguenéens , Brett Lebda 1 (Mathieu Perreault) at 0:10
3. Rafales , Nathan Davis 5 (Mike Zigomanis, Kevin Veilleux) at 15:23

Penalties :
Dan Fritsche (Stf) for Interference (Minor) at 1:07, Dmitry Kulikov (Stf) for Hooking (Minor) at 16:11, Kyle Brodziak (Chi) for Tripping (Minor) at 19:20

2nd period

4. Saguenéens , Spencer Machacek 4 (Kyle Brodziak, Brett Lebda) at 1:56
5. Rafales , Cody McLeod 7 (Ryan Ellis, Mike Zigomanis) at 18:57

Penalties :
Mike Sislo (Stf) for Cross-checking (Minor) at 7:00, Justin Florek (Chi) for Slashing (Minor) at 10:19, Geoff Paukovich (Stf) for Hooking (Minor) at 13:46

3rd period

6. Saguenéens , Mathieu Perreault 1 (Tim Kennedy, Brett Lebda) at 0:34
7. Saguenéens , Brian Flynn 2 (J.T. Wyman) at 6:31
8. Saguenéens , Karel Pilar 2 (Brian Flynn, Mathieu Perreault) at 17:03 (PP)

Penalties :
Mathieu Perreault (Chi) for Hooking (Minor) at 1:41, Willie Mitchell (Stf) for Slashing (Minor) at 12:58, Kevin Veilleux (Stf) for Tripping (Minor) at 16:17, Brian Flynn (Chi) for Interference (Minor) at 19:35

Goalie Stats

Eddie Lack (Stf), 34 saves from 39 shots - (0,872), L, 0-1-0, 60:00 minutes
Al Montoya (Chi), 34 saves from 37 shots - (0,919), W, 2-3-0, 60:00 minutes

Players Stats for Rafales

Player Name              G  A  P  +/- PIM S  H  SB GA TA FO     MP     PP MP  PK MP  
------------------------------------------------------------------------------------
Bruno Gervais            0  0  0  -1  0   0  1  0  0  3  0/0    19:51   2:51   4:17 
Carl Klingberg           0  0  0   0  0   0  0  1  0  0  1/1     6:23   0:00   2:04 
Chris Terry              0  0  0  -1  0   0  0  0  0  0  0/0     2:27   1:14   0:00 
Cody McLeod              1  1  2   0  0   5  1  2  1  0  0/2    25:27   3:56   6:08 
Dan Fritsche             0  0  0  -2  2   0  0  0  0  0  14/24  18:36   2:09   2:50 
Dmitry Kulikov           0  0  0  -1  2   2  1  1  1  1  0/0    16:03   2:27   2:31 
Geoff Paukovich          0  0  0  -1  2   0  2  3  0  0  1/6    18:27   3:18   0:00 
Jayson Megna             0  0  0   0  0   0  0  0  0  0  0/0     0:24   0:04   0:20 
Jeff Skinner             0  0  0   1  0   0  1  0  1  0  0/0     9:38   0:00   0:00 
Johan Ryno               0  0  0   1  0   2  0  0  0  0  0/0    10:10   0:32   0:00 
Jonas Junland            0  0  0   0  0   1  0  2  0  0  0/0     8:39   0:00   0:47 
Jonathan Rheault         0  0  0  -2  0   5  1  0  2  0  0/0    15:24   2:09   0:00 
Julian Melchiori         0  0  0   0  0   0  0  0  0  0  0/0     2:01   0:24   0:00 
Kevin Veilleux           0  1  1   0  2   0  0  0  0  0  1/1     3:57   0:00   0:00 
Marc-André Gragnani      0  0  0  -1  0   0  0  0  0  0  0/0     3:21   0:00   0:00 
Mark Fayne               0  0  0  -1  0   0  0  0  0  0  0/0     3:21   0:00   0:00 
Matt Gilroy              0  0  0   0  0   0  0  0  0  0  0/0     9:41   0:00   2:10 
Michael Bournival        0  0  0   0  0   0  1  1  0  0  3/4     4:25   0:00   3:37 
Mike Sislo               0  0  0  -2  2   3  0  0  1  1  0/0    15:24   2:09   0:00 
Mike Zigomanis           1  2  3   1  0   5  3  1  1  1  23/46  24:27   3:32   3:57 
Nathan Davis             1  0  1   1  0   4  2  0  1  0  2/4    12:16   0:00   2:26 
Petr Kalus               0  0  0   0  0   0  0  0  0  0  0/0     0:00   0:00   0:00 
Ryan Ellis               0  1  1   1  0   6  2  1  3  0  0/0    29:17   3:30   6:24 
Tim Crowder              0  0  0   1  0   0  0  0  0  1  0/0     1:29   0:00   0:00 
Willie Mitchell          0  0  0   1  2   4  2  1  0  1  0/0    28:05   3:30   5:13 

Players Stats for Saguenéens

Player Name              G  A  P  +/- PIM S  H  SB GA TA FO     MP     PP MP  PK MP  
------------------------------------------------------------------------------------
Brandon Burlon           0  0  0  -1  0   1  1  1  0  1  0/0    19:13   0:00   4:04 
Brett Lebda              1  2  3   2  0   2  1  1  1  1  0/0    20:52   3:43   2:17 
Brian Flynn              1  1  2   2  2   1  0  0  0  1  8/12   16:07   4:30   0:06 
Craig Cunningham         0  0  0  -2  0   0  2  0  0  0  1/1    19:43   5:53   0:55 
Dalton Prout             0  0  0   0  0   0  1  0  0  2  0/0    13:03   0:00   0:00 
J.T. Wyman               0  1  1   1  0   2  2  0  2  0  0/1    13:13   0:18   1:15 
Juraj Mikus              0  0  0   0  0   2  1  0  0  2  0/5     7:49   0:00   1:56 
Justin Florek            0  0  0   0  2   0  2  0  0  1  0/0     5:44   0:00   0:00 
Karel Pilar              1  0  1  -1  0   3  4  4  1  2  0/0    26:05   6:58   4:04 
Kevin Marshall           0  0  0   0  0   2  3  3  1  0  0/0    22:35   6:58   2:17 
Kyle Brodziak            0  1  1  -1  2   4  0  0  1  0  20/41  23:03   6:03   2:44 
Mathieu Perreault        1  2  3   1  2   6  2  0  0  1  11/23  18:05   4:30   1:35 
Rhett Rakhshani          0  0  0   0  0   1  1  0  0  0  1/1     5:49   0:18   0:00 
Roman Josi               0  0  0   2  0   1  2  1  0  0  0/0    18:12   3:43   0:00 
Spencer Machacek         1  0  1  -1  0   6  2  1  2  0  2/3    23:56   5:53   4:11 
Teemu Pulkkinen          0  0  0   1  0   1  0  0  0  0  0/1    11:48   0:08   0:00 
Tim Kennedy              0  1  1   1  0   4  1  0  0  0  0/0    11:47   0:00   0:00 
Tyler Pitlick            0  0  0   1  0   3  1  0  0  0  0/0    16:31   4:30   0:00 

3 Stars

1 - Brett Lebda (Chi)
2 - Mike Zigomanis (Stf)
3 - Mathieu Perreault (Chi)

Power Play

Rafales - 0 on 4 Attempt(s) - 0,00%
Saguenéens - 1 on 6 Attempt(s) - 16,67%

Penalty Kill

Rafales - 5 on 6 Attempt(s) - 83,33% - Score 0 goal in Penalty Kill
Saguenéens - 4 on 4 Attempt(s) - 100,00% - Score 0 goal in Penalty Kill

Team Stat

Rafales - Hits : 17 - Faceoff Wins : 45 - Blocked Shots : 13 - Penalty Minutes : 12
Saguenéens - Hits : 26 - Faceoff Wins : 43 - Blocked Shots : 11 - Penalty Minutes : 8

Official

Referees : Kowal Tom and Hasenfratz Mike
Linesman : Tim Nowak and Tony Sericolo

Game Notes

Tim Crowder is injured at 7:45 of 1st period (Fractured Right Foot)
Dmitry Kulikov is injured at 9:14 of 3rd period (Left Leg)
Mike Zigomanis is injured at 13:00 of 3rd period (Left Foot)

Finance

Level 1 -- Attendance: 1842 (92,10%) -- Ticket Income 73 680 $
Level 2 -- Attendance: 923 (92,30%) -- Ticket Income 18 460 $
Total Attendance: 2765 (92,17%)
Total Ticket Income: 92 140 $
Other Income: 4 607 $
Total Income: 96 747 $

Rafales

5 vs 5 Forward 
   Center                   Left Wing                Right Wing               Time % Phy DF OF 
 1 Mike Zigomanis           Cody McLeod              Tim Crowder              40     1   2  2  
 2 Dan Fritsche             Mike Sislo               Jonathan Rheault         30     1   2  2  
 3 Nathan Davis             Jeff Skinner             Johan Ryno               20     1   2  2  
 4 Kevin Veilleux           Carl Klingberg           Mike Zigomanis           10     1   2  2  

5 vs 5 Defense 
   Defense                  Defense                                           Time % Phy DF OF 
 1 Willie Mitchell          Ryan Ellis                                        40     1   2  2  
 2 Bruno Gervais            Dmitry Kulikov                                    30     1   2  2  
 3 Matt Gilroy              Jonas Junland                                     20     1   2  2  
 4 Marc-André Gragnani      Mark Fayne                                        10     1   2  2  

PowerPlay Forward 
   Center                   Left Wing                Right Wing               Time % Phy DF OF 
 1 Mike Zigomanis           Cody McLeod              Tim Crowder              60     1   2  2  
 2 Dan Fritsche             Mike Sislo               Jonathan Rheault         40     1   2  2  

PowerPlay Defense
   Defense                  Defense                                           Time % Phy DF OF 
 1 Willie Mitchell          Ryan Ellis                                        60     1   2  2  
 2 Bruno Gervais            Dmitry Kulikov                                    40     1   2  2  

Penalty Kill 4 Players Forward 
   Center                   Wing                     Time % Phy DF OF 
 1 Mike Zigomanis           Cody McLeod              60     1   2  2  
 2 Dan Fritsche             Nathan Davis             40     1   2  2  

Penalty Kill 4 Players Defense
   Defense                  Defense                  Time % Phy DF OF 
 1 Willie Mitchell          Ryan Ellis               60     1   2  2  
 2 Bruno Gervais            Dmitry Kulikov           40     1   2  2  

Penalty Kill - 3 Players Forward 
   Forward                                           Time % Phy DF OF 
 1 Mike Zigomanis                                    60     1   2  2  
 2 Cody McLeod                                       40     1   2  2  

Penalty Kill - 3 Players Defense
   Defense                  Defense                  Time % Phy DF OF 
 1 Willie Mitchell          Ryan Ellis               60     1   2  2  
 2 Bruno Gervais            Dmitry Kulikov           40     1   2  2  

4 vs 4 Forward 
   Center                   Wing                     Time % Phy DF OF 
 1 Mike Zigomanis           Cody McLeod              60     1   2  2  
 2 Dan Fritsche             Nathan Davis             40     1   2  2  

4 vs 4 Defense
   Defense                  Defense                  Time % Phy DF OF 
 1 Willie Mitchell          Ryan Ellis               60     1   2  2  
 2 Bruno Gervais            Dmitry Kulikov           40     1   2  2  

Last Minutes Offensive
   Center                   Left Wing                Right Wing               Defense                  Defense                  
   Mike Zigomanis           Cody McLeod              Tim Crowder              Willie Mitchell          Ryan Ellis               

Last Minutes Defensive
   Center                   Left Wing                Right Wing               Defense                  Defense                  
   Mike Zigomanis           Cody McLeod              Tim Crowder              Willie Mitchell          Ryan Ellis               

Goaltenders
Starting : Eddie Lack               
Backup : Loïc Lacasse             

Extra Forwards
Normal : Geoff Paukovich, Chris Terry, Michael Bournival - PP : Geoff Paukovich, Chris Terry - PK : Michael Bournival
Extra Defensemen
Normal : Julian Melchiori, Matt Gilroy, Jonas Junland - PP : Julian Melchiori - PK : Matt Gilroy, Jonas Junland
Penalty Shots
Mike Zigomanis, Cody McLeod, Dan Fritsche, Nathan Davis, Mike Sislo

Saguenéens

5 vs 5 Forward 
   Center                   Left Wing                Right Wing               Time % Phy DF OF 
 1 Kyle Brodziak            Craig Cunningham         Spencer Machacek         40     1   2  2  
 2 Mathieu Perreault        Tim Kennedy              Tyler Pitlick            27     1   2  2  
 3 Brian Flynn              Teemu Pulkkinen          J.T. Wyman               23     1   2  2  
 4 Juraj Mikus              Justin Florek            Rhett Rakhshani          10     1   2  2  

5 vs 5 Defense 
   Defense                  Defense                                           Time % Phy DF OF 
 1 Karel Pilar              Brandon Burlon                                    35     1   2  2  
 2 Brett Lebda              Roman Josi                                        33     1   2  2  
 3 Kevin Marshall           Dalton Prout                                      27     1   2  2  
 4 Karel Pilar              Kevin Marshall                                    5      1   2  2  

PowerPlay Forward 
   Center                   Left Wing                Right Wing               Time % Phy DF OF 
 1 Kyle Brodziak            Craig Cunningham         Spencer Machacek         60     1   2  2  
 2 Brian Flynn              Mathieu Perreault        Tyler Pitlick            40     1   2  2  

PowerPlay Defense
   Defense                  Defense                                           Time % Phy DF OF 
 1 Karel Pilar              Kevin Marshall                                    60     1   2  2  
 2 Brett Lebda              Roman Josi                                        40     1   2  2  

Penalty Kill 4 Players Forward 
   Center                   Wing                     Time % Phy DF OF 
 1 Kyle Brodziak            Spencer Machacek         60     1   2  2  
 2 Juraj Mikus              J.T. Wyman               40     1   2  2  

Penalty Kill 4 Players Defense
   Defense                  Defense                  Time % Phy DF OF 
 1 Karel Pilar              Brandon Burlon           60     1   2  2  
 2 Brett Lebda              Kevin Marshall           40     1   2  2  

Penalty Kill - 3 Players Forward 
   Forward                                           Time % Phy DF OF 
 1 Kyle Brodziak                                     60     1   2  2  
 2 J.T. Wyman                                        40     1   2  2  

Penalty Kill - 3 Players Defense
   Defense                  Defense                  Time % Phy DF OF 
 1 Karel Pilar              Brandon Burlon           60     1   2  2  
 2 Brett Lebda              Kevin Marshall           40     1   2  2  

4 vs 4 Forward 
   Center                   Wing                     Time % Phy DF OF 
 1 Kyle Brodziak            Tyler Pitlick            60     1   2  2  
 2 Mathieu Perreault        Spencer Machacek         40     1   2  2  

4 vs 4 Defense
   Defense                  Defense                  Time % Phy DF OF 
 1 Karel Pilar              Brandon Burlon           60     1   2  2  
 2 Brett Lebda              Kevin Marshall           40     1   2  2  

Last Minutes Offensive
   Center                   Left Wing                Right Wing               Defense                  Defense                  
   Kyle Brodziak            Tim Kennedy              Spencer Machacek         Karel Pilar              Brett Lebda              

Last Minutes Defensive
   Center                   Left Wing                Right Wing               Defense                  Defense                  
   Kyle Brodziak            Tim Kennedy              Spencer Machacek         Karel Pilar              Kevin Marshall           

Goaltenders
Starting : Al Montoya               
Backup : Martin Jones             

Extra Forwards
Normal : Teemu Pulkkinen, Justin Florek, Kyle Brodziak - PP : Craig Cunningham, J.T. Wyman - PK : Mathieu Perreault
Extra Defensemen
Normal : Kevin Marshall, Dalton Prout, Brett Lebda - PP : Brandon Burlon - PK : Roman Josi, Dalton Prout
Penalty Shots
Kyle Brodziak, Brian Flynn, Spencer Machacek, Juraj Mikus, Tim Kennedy

% Time on Ice - Rafales

Lines # - Real PCT - Wanted PCT - Time Play
Normal Forward
1 - 37% - 40% - 15:44
2 - 32% - 30% - 13:38
3 - 22% - 20% - 9:38
4 - 9% - 10% - 3:58
Normal Defense
1 - 45% - 40% - 19:23
2 - 30% - 30% - 12:43
3 - 17% - 20% - 7:31
4 - 8% - 10% - 3:21
PP Forward
1 - 66% - 60% - 4:12
2 - 34% - 40% - 2:09
PP Defense
1 - 55% - 60% - 3:30
2 - 45% - 40% - 2:51
PK Forward
1 - 77% - 60% - 8:15
2 - 23% - 40% - 2:26
PK Defense
1 - 60% - 60% - 6:24
2 - 40% - 40% - 4:17
PK3 Forward
1 - 0% - 60%
2 - 0% - 40%
PK3 Defense
1 - 0% - 60%
2 - 0% - 40%
44 Forward
1 - 0% - 60%
2 - 0% - 40%
44 Defense
1 - 0% - 60%
2 - 0% - 40%
Last Minute Offensive  - 0:00
Last Minute Defensive  - 0:00
Total
Forward - 60:00
Defense - 60:00

% Time on Ice - Saguenéens

Lines # - Real PCT - Wanted PCT - Time Play
Normal Forward
1 - 33% - 40% - 13:58
2 - 28% - 27% - 12:01
3 - 27% - 23% - 11:34
4 - 13% - 10% - 5:25
Normal Defense
1 - 36% - 35% - 15:31
2 - 35% - 33% - 14:52
3 - 28% - 27% - 12:01
4 - 1% - 5% - 0:34
PP Forward
1 - 58% - 60% - 6:11
2 - 42% - 40% - 4:30
PP Defense
1 - 65% - 60% - 6:58
2 - 35% - 40% - 3:43
PK Forward
1 - 80% - 60% - 5:06
2 - 20% - 40% - 1:15
PK Defense
1 - 64% - 60% - 4:04
2 - 36% - 40% - 2:17
PK3 Forward
1 - 0% - 60%
2 - 0% - 40%
PK3 Defense
1 - 0% - 60%
2 - 0% - 40%
44 Forward
1 - 0% - 60%
2 - 0% - 40%
44 Defense
1 - 0% - 60%
2 - 0% - 40%
Last Minute Offensive  - 0:00
Last Minute Defensive  - 0:00
Total
Forward - 60:00
Defense - 60:00

Play by Play

1st period


0:01 of 1st period - Mike Zigomanis wins face-off versus Kyle Brodziak in neutral zone.
0:04 of 1st period - Slapshot by Mike Zigomanis.
0:04 of 1st period - Stopped by Al Montoya with a rebound.
0:06 of 1st period - Snap shot by Mike Zigomanis.
0:06 of 1st period - Goal by Mike Zigomanis - Rafales : 1 - Saguenéens : 0.
0:07 of 1st period - Mathieu Perreault wins face-off versus Dan Fritsche in neutral zone.
0:10 of 1st period - Snap shot by Brett Lebda.
0:10 of 1st period - Goal by Brett Lebda - Rafales : 1 - Saguenéens : 1.
0:11 of 1st period - Nathan Davis wins face-off versus Brian Flynn in neutral zone.
1:04 of 1st period - Wrist shot by Tim Kennedy.
1:04 of 1st period - Stopped by Eddie Lack without a rebound.
1:05 of 1st period - Dan Fritsche wins face-off versus Mathieu Perreault in Rafales zone.
1:07 of 1st period - Minor Penalty to Dan Fritsche for Interference.
1:08 of 1st period - Kyle Brodziak wins face-off versus Mike Zigomanis in Rafales zone.
1:18 of 1st period - Kyle Brodziak is hit by Willie Mitchell and loses puck.
3:07 of 1st period - Penalty to Dan Fritsche is over, Dan Fritsche is back on ice.
3:15 of 1st period - Dmitry Kulikov is hit by Rhett Rakhshani and loses puck.
3:34 of 1st period - Brandon Burlon is hit by Bruno Gervais and loses puck.
4:51 of 1st period - Willie Mitchell is hit by Mathieu Perreault and loses puck.
5:04 of 1st period - Roman Josi is hit by Mike Zigomanis and loses puck.
7:44 of 1st period - Tim Crowder is hit by Spencer Machacek and loses puck.
7:45 of 1st period - Tim Crowder from Rafales is injured at 7:45 of 1st period (Fractured Right Foot).
7:46 of 1st period - Mike Zigomanis wins face-off versus Kyle Brodziak in Rafales zone.
7:46 of 1st period - Mike Zigomanis is hit by Craig Cunningham.
7:54 of 1st period - Snap shot by Mike Zigomanis.
7:54 of 1st period - Shot Blocked by Brett Lebda.
7:56 of 1st period - Wrist shot by Willie Mitchell.
7:56 of 1st period - Stopped by Al Montoya without a rebound.
7:57 of 1st period - Kyle Brodziak wins face-off versus Mike Zigomanis in Saguenéens zone.
7:57 of 1st period - Kyle Brodziak is hit by Mike Zigomanis.
8:44 of 1st period - Backhand shot by Cody McLeod.
8:44 of 1st period - Stopped by Al Montoya without a rebound.
8:45 of 1st period - Mathieu Perreault wins face-off versus Dan Fritsche in Saguenéens zone.
9:12 of 1st period - Kyle Brodziak is hit by Nathan Davis and loses puck.
9:17 of 1st period - Snap shot by Nathan Davis.
9:17 of 1st period - Deflect By Kyle Brodziak.
9:17 of 1st period - Stopped by Al Montoya with a rebound.
9:19 of 1st period - Wrist shot by Jeff Skinner.
9:19 of 1st period - Shot Misses the Net.
9:21 of 1st period - Slapshot by Jonas Junland.
9:21 of 1st period - Deflect By Johan Ryno.
9:21 of 1st period - Shot Misses the Net.
9:21 of 1st period - Puck is out of play.
9:22 of 1st period - Dan Fritsche wins face-off versus Mathieu Perreault in Saguenéens zone.
9:26 of 1st period - Icing by Kevin Marshall.
9:27 of 1st period - Dan Fritsche wins face-off versus Mathieu Perreault in Saguenéens zone.
9:34 of 1st period - Snap shot by Mathieu Perreault.
9:34 of 1st period - Deflect By Tim Kennedy.
9:34 of 1st period - Stopped by Eddie Lack without a rebound.
9:35 of 1st period - Geoff Paukovich wins face-off versus Kyle Brodziak in Rafales zone.
9:50 of 1st period - Wrist shot by Mike Zigomanis.
9:50 of 1st period - Stopped by Al Montoya without a rebound.
9:51 of 1st period - Mathieu Perreault wins face-off versus Dan Fritsche in Saguenéens zone.
9:56 of 1st period - Snap shot by Dan Fritsche.
9:56 of 1st period - Shot Misses the Net.
10:18 of 1st period - Bruno Gervais is hit by Craig Cunningham and loses puck.
10:25 of 1st period - Kyle Brodziak is hit by Mike Zigomanis and loses puck.
10:42 of 1st period - Off-side.
10:43 of 1st period - Brian Flynn wins face-off versus Dan Fritsche in neutral zone.
11:02 of 1st period - Mike Sislo is hit by Karel Pilar and loses puck.
11:30 of 1st period - Slapshot by Mike Sislo.
11:30 of 1st period - Stopped by Al Montoya with a rebound.
11:54 of 1st period - Off-side.
11:55 of 1st period - Spencer Machacek wins face-off versus Mike Zigomanis in neutral zone.
12:22 of 1st period - Willie Mitchell is hit by Mathieu Perreault and loses puck.
12:53 of 1st period - Snap shot by Kyle Brodziak.
12:53 of 1st period - Stopped by Eddie Lack with a rebound.
13:05 of 1st period - Nathan Davis is hit by Juraj Mikus and loses puck.
13:37 of 1st period - Cody McLeod is hit by Dalton Prout and loses puck.
14:38 of 1st period - Snap shot by Cody McLeod.
14:38 of 1st period - Stopped by Al Montoya with a rebound.
15:23 of 1st period - Wrist shot by Nathan Davis.
15:23 of 1st period - Goal by Nathan Davis - Rafales : 2 - Saguenéens : 1.
15:24 of 1st period - Kyle Brodziak wins face-off versus Dan Fritsche in neutral zone.
15:35 of 1st period - Wrist shot by Spencer Machacek.
15:35 of 1st period - Stopped by Eddie Lack with a rebound.
16:11 of 1st period - Minor Penalty to Dmitry Kulikov for Hooking.
16:12 of 1st period - Mike Zigomanis wins face-off versus Kyle Brodziak in Rafales zone.
16:22 of 1st period - Wrist shot by Kyle Brodziak.
16:22 of 1st period - Shot Blocked by Willie Mitchell.
17:38 of 1st period - Mathieu Perreault is hit by Willie Mitchell and loses puck.
18:06 of 1st period - Bruno Gervais is hit by J.T. Wyman and loses puck.
18:11 of 1st period - Penalty to Dmitry Kulikov is over, Dmitry Kulikov is back on ice.
18:11 of 1st period - Snap shot by Rhett Rakhshani.
18:11 of 1st period - Stopped by Eddie Lack without a rebound.
18:12 of 1st period - Dan Fritsche wins face-off versus J.T. Wyman in Rafales zone.
18:16 of 1st period - Off-side.
18:17 of 1st period - Dan Fritsche wins face-off versus Juraj Mikus in neutral zone.
18:32 of 1st period - Wrist shot by Karel Pilar.
18:32 of 1st period - Shot Misses the Net.
18:54 of 1st period - Slapshot by Karel Pilar.
18:54 of 1st period - Deflect By Tyler Pitlick.
18:54 of 1st period - Stopped by Eddie Lack with a rebound.
19:10 of 1st period - Snap shot by Cody McLeod.
19:10 of 1st period - Deflect By Mike Zigomanis.
19:10 of 1st period - Stopped by Al Montoya without a rebound.
19:11 of 1st period - Mike Zigomanis wins face-off versus Kyle Brodziak in Saguenéens zone.
19:18 of 1st period - Wrist shot by Cody McLeod.
19:18 of 1st period - Shot Misses the Net.
19:20 of 1st period - Minor Penalty to Kyle Brodziak for Tripping.
19:21 of 1st period - Mathieu Perreault wins face-off versus Cody McLeod in Saguenéens zone.
19:30 of 1st period - Slapshot by Willie Mitchell.
19:30 of 1st period - Deflect By Cody McLeod.
19:30 of 1st period - Shot Misses the Net.
19:30 of 1st period - Puck is out of play.
19:31 of 1st period - Mathieu Perreault wins face-off versus Mike Zigomanis in Saguenéens zone.
19:46 of 1st period - Slapshot by Ryan Ellis.
19:46 of 1st period - Stopped by Al Montoya with a rebound.
19:48 of 1st period - Slapshot by Willie Mitchell.
19:48 of 1st period - Shot Misses the Net.
19:50 of 1st period - Backhand shot by Ryan Ellis.
19:50 of 1st period - Shot Blocked by Karel Pilar.
19:52 of 1st period - Slapshot by Willie Mitchell.
19:52 of 1st period - Stopped by Al Montoya without a rebound.
19:53 of 1st period - Mathieu Perreault wins face-off versus Dan Fritsche in Saguenéens zone.
Goals for this period are 2 for Rafales vs 1 for Saguenéens.
Shots for this period are 12 for Rafales vs 7 for Saguenéens.

2nd period


0:01 of 2nd period - Mathieu Perreault wins face-off versus Mike Zigomanis in neutral zone.
0:43 of 2nd period - Snap shot by Jonathan Rheault.
0:43 of 2nd period - Stopped by Al Montoya with a rebound.
1:20 of 2nd period - Penalty to Kyle Brodziak is over, Kyle Brodziak is back on ice.
1:34 of 2nd period - Mark Fayne is hit by Spencer Machacek and loses puck.
1:52 of 2nd period - Slapshot by Brett Lebda.
1:52 of 2nd period - Deflect By Kyle Brodziak.
1:52 of 2nd period - Stopped by Eddie Lack with a rebound.
1:54 of 2nd period - Snap shot by Kyle Brodziak.
1:54 of 2nd period - Shot Blocked by Cody McLeod.
1:56 of 2nd period - Snap shot by Spencer Machacek.
1:56 of 2nd period - Goal by Spencer Machacek - Rafales : 2 - Saguenéens : 2.
1:57 of 2nd period - Mathieu Perreault wins face-off versus Mike Zigomanis in neutral zone.
1:59 of 2nd period - Off-side.
2:00 of 2nd period - Mike Zigomanis wins face-off versus Mathieu Perreault in neutral zone.
2:09 of 2nd period - Slapshot by Ryan Ellis.
2:09 of 2nd period - Stopped by Al Montoya without a rebound.
2:10 of 2nd period - Mike Zigomanis wins face-off versus Mathieu Perreault in Saguenéens zone.
2:17 of 2nd period - Wrist shot by Karel Pilar.
2:17 of 2nd period - Shot Blocked by Geoff Paukovich.
2:19 of 2nd period - Slapshot by Brandon Burlon.
2:19 of 2nd period - Stopped by Eddie Lack without a rebound.
2:20 of 2nd period - Mathieu Perreault wins face-off versus Mike Zigomanis in Rafales zone.
2:23 of 2nd period - Snap shot by Tim Kennedy.
2:23 of 2nd period - Stopped by Eddie Lack with a rebound.
2:25 of 2nd period - Slapshot by Karel Pilar.
2:25 of 2nd period - Stopped by Eddie Lack with a rebound.
2:33 of 2nd period - Wrist shot by Tim Kennedy.
2:33 of 2nd period - Shot Hit the Post.
2:35 of 2nd period - Wrist shot by Tyler Pitlick.
2:35 of 2nd period - Stopped by Eddie Lack without a rebound.
2:36 of 2nd period - Mike Zigomanis wins face-off versus Kyle Brodziak in Rafales zone.
3:02 of 2nd period - Snap shot by Tim Kennedy.
3:02 of 2nd period - Stopped by Eddie Lack with a rebound.
3:12 of 2nd period - Brett Lebda is hit by Ryan Ellis.
4:02 of 2nd period - Spencer Machacek is hit by Nathan Davis and loses puck.
4:23 of 2nd period - Snap shot by Mathieu Perreault.
4:23 of 2nd period - Stopped by Eddie Lack with a rebound.
4:41 of 2nd period - Off-side.
4:42 of 2nd period - Brian Flynn wins face-off versus Mike Zigomanis in neutral zone.
4:52 of 2nd period - Snap shot by Brian Flynn.
4:52 of 2nd period - Shot Misses the Net.
4:54 of 2nd period - Wrist shot by J.T. Wyman.
4:54 of 2nd period - Stopped by Eddie Lack without a rebound.
4:55 of 2nd period - Kyle Brodziak wins face-off versus Mike Zigomanis in Rafales zone.
5:42 of 2nd period - Slapshot by Nathan Davis.
5:42 of 2nd period - Shot Misses the Net.
6:34 of 2nd period - Slapshot by Spencer Machacek.
6:34 of 2nd period - Shot Blocked by Carl Klingberg.
6:40 of 2nd period - Snap shot by Kyle Brodziak.
6:40 of 2nd period - Shot Blocked by Jonas Junland.
6:42 of 2nd period - Wrist shot by Kyle Brodziak.
6:42 of 2nd period - Stopped by Eddie Lack with a rebound.
6:44 of 2nd period - Slapshot by Roman Josi.
6:44 of 2nd period - Shot Misses the Net.
6:46 of 2nd period - Wrist shot by Kyle Brodziak.
6:46 of 2nd period - Shot Blocked by Jonas Junland.
6:57 of 2nd period - Off-side.
6:58 of 2nd period - Dan Fritsche wins face-off versus Juraj Mikus in neutral zone.
7:00 of 2nd period - Minor Penalty to Mike Sislo for Cross-checking.
7:01 of 2nd period - Kyle Brodziak wins face-off versus Mike Zigomanis in Rafales zone.
7:01 of 2nd period - Slapshot by Karel Pilar.
7:01 of 2nd period - Deflect By Kyle Brodziak.
7:01 of 2nd period - Stopped by Eddie Lack without a rebound.
7:02 of 2nd period - Mike Zigomanis wins face-off versus Kyle Brodziak in Rafales zone.
7:07 of 2nd period - Wrist shot by Ryan Ellis.
7:07 of 2nd period - Shot Misses the Net.
7:09 of 2nd period - Snap shot by Mike Zigomanis.
7:09 of 2nd period - Shot Misses the Net.
7:11 of 2nd period - Snap shot by Mike Zigomanis.
7:11 of 2nd period - Shot Blocked by Kevin Marshall.
9:00 of 2nd period - Penalty to Mike Sislo is over, Mike Sislo is back on ice.
9:07 of 2nd period - Jeff Skinner is hit by Roman Josi and loses puck.
9:41 of 2nd period - Icing by Carl Klingberg.
9:42 of 2nd period - Kevin Veilleux wins face-off versus Kyle Brodziak in Rafales zone.
9:42 of 2nd period - Kevin Veilleux is hit by Karel Pilar.
10:04 of 2nd period - Johan Ryno is hit by Justin Florek and loses puck.
10:19 of 2nd period - Minor Penalty to Justin Florek for Slashing.
10:20 of 2nd period - Kyle Brodziak wins face-off versus Cody McLeod in Saguenéens zone.
11:04 of 2nd period - Slapshot by Brett Lebda.
11:04 of 2nd period - Deflect By Ryan Ellis.
11:04 of 2nd period - Stopped by Eddie Lack with a rebound.
11:50 of 2nd period - Brandon Burlon is hit by Geoff Paukovich and loses puck.
12:09 of 2nd period - Mike Zigomanis is hit by Karel Pilar and loses puck.
12:14 of 2nd period - Snap shot by Juraj Mikus.
12:14 of 2nd period - Stopped by Eddie Lack without a rebound.
12:15 of 2nd period - Dan Fritsche wins face-off versus Juraj Mikus in Rafales zone.
12:17 of 2nd period - Icing by Ryan Ellis.
12:18 of 2nd period - Dan Fritsche wins face-off versus Kyle Brodziak in Rafales zone.
12:19 of 2nd period - Penalty to Justin Florek is over, Justin Florek is back on ice.
12:23 of 2nd period - Brandon Burlon is hit by Jonathan Rheault and loses puck.
12:52 of 2nd period - Snap shot by Johan Ryno.
12:52 of 2nd period - Stopped by Al Montoya with a rebound.
12:54 of 2nd period - Backhand shot by Johan Ryno.
12:54 of 2nd period - Deflect By Nathan Davis.
12:54 of 2nd period - Shot Misses the Net.
12:54 of 2nd period - Puck is out of play.
12:55 of 2nd period - Mike Zigomanis wins face-off versus Brian Flynn in Saguenéens zone.
12:56 of 2nd period - Snap shot by Cody McLeod.
12:56 of 2nd period - Shot Misses the Net.
12:58 of 2nd period - Snap shot by Geoff Paukovich.
12:58 of 2nd period - Deflect By Mike Zigomanis.
12:58 of 2nd period - Stopped by Al Montoya with a rebound.
13:00 of 2nd period - Snap shot by Cody McLeod.
13:00 of 2nd period - Deflect By Mike Zigomanis.
13:00 of 2nd period - Shot Misses the Net.
13:00 of 2nd period - Puck is out of play.
13:01 of 2nd period - Brian Flynn wins face-off versus Mike Zigomanis in Saguenéens zone.
13:01 of 2nd period - Brian Flynn is hit by Geoff Paukovich.
13:27 of 2nd period - Wrist shot by Jonathan Rheault.
13:27 of 2nd period - Stopped by Al Montoya without a rebound.
13:28 of 2nd period - Dan Fritsche wins face-off versus Kyle Brodziak in Saguenéens zone.
13:38 of 2nd period - Off-side.
13:39 of 2nd period - Mike Zigomanis wins face-off versus Kyle Brodziak in neutral zone.
13:46 of 2nd period - Minor Penalty to Geoff Paukovich for Hooking.
13:47 of 2nd period - Mike Zigomanis wins face-off versus Kyle Brodziak in Rafales zone.
14:22 of 2nd period - Slapshot by Kevin Marshall.
14:22 of 2nd period - Deflect By Dan Fritsche.
14:22 of 2nd period - Stopped by Eddie Lack with a rebound.
15:46 of 2nd period - Penalty to Geoff Paukovich is over, Geoff Paukovich is back on ice.
15:57 of 2nd period - Icing by Dan Fritsche.
15:58 of 2nd period - Dan Fritsche wins face-off versus Juraj Mikus in Rafales zone.
16:30 of 2nd period - Wrist shot by Mike Sislo.
16:30 of 2nd period - Shot Blocked by Karel Pilar.
16:45 of 2nd period - Icing by Mike Zigomanis.
16:46 of 2nd period - Mike Zigomanis wins face-off versus Mathieu Perreault in Rafales zone.
16:50 of 2nd period - Off-side.
16:51 of 2nd period - Kyle Brodziak wins face-off versus Geoff Paukovich in neutral zone.
17:24 of 2nd period - Wrist shot by Jonathan Rheault.
17:24 of 2nd period - Shot Blocked by Kevin Marshall.
17:26 of 2nd period - Slapshot by Willie Mitchell.
17:26 of 2nd period - Deflect By Jonathan Rheault.
17:26 of 2nd period - Shot Misses the Net.
17:26 of 2nd period - Puck is out of play.
17:27 of 2nd period - Mike Zigomanis wins face-off versus Mathieu Perreault in Saguenéens zone.
17:35 of 2nd period - Icing by Tyler Pitlick.
17:36 of 2nd period - Mike Zigomanis wins face-off versus Mathieu Perreault in Saguenéens zone.
17:52 of 2nd period - Dmitry Kulikov is hit by Tyler Pitlick and loses puck.
18:01 of 2nd period - Snap shot by Roman Josi.
18:01 of 2nd period - Shot Misses the Net.
18:03 of 2nd period - Snap shot by Mathieu Perreault.
18:03 of 2nd period - Shot Misses the Net.
18:05 of 2nd period - Snap shot by Tyler Pitlick.
18:05 of 2nd period - Shot Misses the Net.
18:07 of 2nd period - Slapshot by Tim Kennedy.
18:07 of 2nd period - Shot Misses the Net.
18:09 of 2nd period - Snap shot by Mathieu Perreault.
18:09 of 2nd period - Shot Misses the Net.
18:11 of 2nd period - Wrist shot by Tyler Pitlick.
18:11 of 2nd period - Stopped by Eddie Lack with a rebound.
18:13 of 2nd period - Slapshot by Mathieu Perreault.
18:13 of 2nd period - Shot Blocked by Geoff Paukovich.
18:15 of 2nd period - Slapshot by Roman Josi.
18:15 of 2nd period - Stopped by Eddie Lack without a rebound.
18:16 of 2nd period - Kyle Brodziak wins face-off versus Dan Fritsche in Rafales zone.
18:23 of 2nd period - Snap shot by Ryan Ellis.
18:23 of 2nd period - Shot Blocked by Karel Pilar.
18:25 of 2nd period - Slapshot by Ryan Ellis.
18:25 of 2nd period - Shot Blocked by Brandon Burlon.
18:27 of 2nd period - Slapshot by Jonathan Rheault.
18:27 of 2nd period - Stopped by Al Montoya with a rebound.
18:29 of 2nd period - Slapshot by Willie Mitchell.
18:29 of 2nd period - Stopped by Al Montoya with a rebound.
18:31 of 2nd period - Snap shot by Jonathan Rheault.
18:31 of 2nd period - Shot Blocked by Karel Pilar.
18:45 of 2nd period - Slapshot by Johan Ryno.
18:45 of 2nd period - Stopped by Al Montoya with a rebound.
18:47 of 2nd period - Snap shot by Nathan Davis.
18:47 of 2nd period - Stopped by Al Montoya with a rebound.
18:49 of 2nd period - Slapshot by Jonas Junland.
18:49 of 2nd period - Stopped by Al Montoya with a rebound.
18:51 of 2nd period - Slapshot by Matt Gilroy.
18:51 of 2nd period - Deflect By Johan Ryno.
18:51 of 2nd period - Shot Misses the Net.
18:51 of 2nd period - Puck is out of play.
18:52 of 2nd period - Mike Zigomanis wins face-off versus Mathieu Perreault in Saguenéens zone.
18:57 of 2nd period - Snap shot by Cody McLeod.
18:57 of 2nd period - Goal by Cody McLeod - Rafales : 3 - Saguenéens : 2.
18:58 of 2nd period - Kyle Brodziak wins face-off versus Mike Zigomanis in neutral zone.
19:32 of 2nd period - Off-side.
19:33 of 2nd period - Mike Zigomanis wins face-off versus Mathieu Perreault in neutral zone.
19:46 of 2nd period - Slapshot by Cody McLeod.
19:46 of 2nd period - Stopped by Al Montoya with a rebound.
19:48 of 2nd period - Snap shot by Cody McLeod.
19:48 of 2nd period - Shot Misses the Net.
Goals for this period are 1 for Rafales vs 1 for Saguenéens.
Shots for this period are 12 for Rafales vs 16 for Saguenéens.

3rd period


0:01 of 3rd period - Mike Zigomanis wins face-off versus Spencer Machacek in neutral zone.
0:10 of 3rd period - Wrist shot by Mike Zigomanis.
0:10 of 3rd period - Shot Misses the Net.
0:26 of 3rd period - Dan Fritsche is hit by Tim Kennedy.
0:32 of 3rd period - Wrist shot by Mathieu Perreault.
0:32 of 3rd period - Stopped by Eddie Lack with a rebound.
0:34 of 3rd period - Wrist shot by Mathieu Perreault.
0:34 of 3rd period - Goal by Mathieu Perreault - Rafales : 3 - Saguenéens : 3.
0:35 of 3rd period - Mike Zigomanis wins face-off versus Kyle Brodziak in neutral zone.
1:02 of 3rd period - Snap shot by Mathieu Perreault.
1:02 of 3rd period - Stopped by Eddie Lack without a rebound.
1:03 of 3rd period - Mathieu Perreault wins face-off versus Dan Fritsche in Rafales zone.
1:03 of 3rd period - Karel Pilar is hit by Dmitry Kulikov and loses puck.
1:10 of 3rd period - Dmitry Kulikov is hit by Brandon Burlon and loses puck.
1:17 of 3rd period - Jonathan Rheault is hit by Karel Pilar and loses puck.
1:26 of 3rd period - Slapshot by Dan Fritsche.
1:26 of 3rd period - Shot Misses the Net.
1:41 of 3rd period - Minor Penalty to Mathieu Perreault for Hooking.
1:42 of 3rd period - Mike Zigomanis wins face-off versus Kyle Brodziak in Saguenéens zone.
2:19 of 3rd period - Snap shot by Jonathan Rheault.
2:19 of 3rd period - Stopped by Al Montoya without a rebound.
2:20 of 3rd period - Dan Fritsche wins face-off versus Kyle Brodziak in Saguenéens zone.
2:25 of 3rd period - Wrist shot by Dan Fritsche.
2:25 of 3rd period - Shot Misses the Net.
2:27 of 3rd period - Slapshot by Dmitry Kulikov.
2:27 of 3rd period - Stopped by Al Montoya with a rebound.
2:29 of 3rd period - Snap shot by Bruno Gervais.
2:29 of 3rd period - Shot Blocked by Kevin Marshall.
2:31 of 3rd period - Slapshot by Dmitry Kulikov.
2:31 of 3rd period - Shot Blocked by Spencer Machacek.
2:33 of 3rd period - Wrist shot by Dmitry Kulikov.
2:33 of 3rd period - Stopped by Al Montoya without a rebound.
2:34 of 3rd period - Mike Zigomanis wins face-off versus Kyle Brodziak in Saguenéens zone.
2:45 of 3rd period - Snap shot by Ryan Ellis.
2:45 of 3rd period - Stopped by Al Montoya with a rebound.
2:57 of 3rd period - Karel Pilar is hit by Ryan Ellis and loses puck.
3:41 of 3rd period - Penalty to Mathieu Perreault is over, Mathieu Perreault is back on ice.
4:00 of 3rd period - Nathan Davis is hit by Kevin Marshall.
4:10 of 3rd period - Jeff Skinner is hit by Justin Florek and loses puck.
4:36 of 3rd period - Snap shot by Nathan Davis.
4:36 of 3rd period - Stopped by Al Montoya without a rebound.
4:37 of 3rd period - Dan Fritsche wins face-off versus Mathieu Perreault in Saguenéens zone.
4:44 of 3rd period - Wrist shot by Mike Sislo.
4:44 of 3rd period - Stopped by Al Montoya without a rebound.
4:45 of 3rd period - Dan Fritsche wins face-off versus Mathieu Perreault in Saguenéens zone.
5:01 of 3rd period - Snap shot by Mathieu Perreault.
5:01 of 3rd period - Stopped by Eddie Lack without a rebound.
5:02 of 3rd period - Kyle Brodziak wins face-off versus Mike Zigomanis in Rafales zone.
5:03 of 3rd period - Slapshot by Karel Pilar.
5:03 of 3rd period - Stopped by Eddie Lack without a rebound.
5:04 of 3rd period - Kyle Brodziak wins face-off versus Mike Zigomanis in Rafales zone.
5:09 of 3rd period - Wrist shot by Kyle Brodziak.
5:09 of 3rd period - Shot Blocked by Geoff Paukovich.
5:43 of 3rd period - Snap shot by Spencer Machacek.
5:43 of 3rd period - Shot Misses the Net.
5:51 of 3rd period - Slapshot by Spencer Machacek.
5:51 of 3rd period - Stopped by Eddie Lack without a rebound.
5:52 of 3rd period - Brian Flynn wins face-off versus Mike Zigomanis in Rafales zone.
6:02 of 3rd period - Icing by Mike Zigomanis.
6:03 of 3rd period - Mike Zigomanis wins face-off versus Brian Flynn in Rafales zone.
6:08 of 3rd period - Slapshot by Willie Mitchell.
6:08 of 3rd period - Deflect By Brian Flynn.
6:08 of 3rd period - Stopped by Al Montoya with a rebound.
6:10 of 3rd period - Slapshot by Ryan Ellis.
6:10 of 3rd period - Stopped by Al Montoya with a rebound.
6:12 of 3rd period - Wrist shot by Cody McLeod.
6:12 of 3rd period - Stopped by Al Montoya without a rebound.
6:13 of 3rd period - Brian Flynn wins face-off versus Mike Zigomanis in Saguenéens zone.
6:24 of 3rd period - Geoff Paukovich is hit by J.T. Wyman and loses puck.
6:29 of 3rd period - Slapshot by J.T. Wyman.
6:29 of 3rd period - Stopped by Eddie Lack with a rebound.
6:31 of 3rd period - Wrist shot by J.T. Wyman.
6:31 of 3rd period - Deflect By Brian Flynn.
6:31 of 3rd period - Goal by Brian Flynn - Rafales : 3 - Saguenéens : 4.
6:32 of 3rd period - Mike Zigomanis wins face-off versus Kyle Brodziak in neutral zone.
7:01 of 3rd period - Snap shot by Mike Sislo.
7:01 of 3rd period - Stopped by Al Montoya without a rebound.
7:02 of 3rd period - Mathieu Perreault wins face-off versus Mike Zigomanis in Saguenéens zone.
7:11 of 3rd period - Slapshot by Mathieu Perreault.
7:11 of 3rd period - Shot Misses the Net.
7:13 of 3rd period - Snap shot by Tyler Pitlick.
7:13 of 3rd period - Deflect By Mathieu Perreault.
7:13 of 3rd period - Stopped by Eddie Lack without a rebound.
7:14 of 3rd period - Kyle Brodziak wins face-off versus Mike Zigomanis in Rafales zone.
7:15 of 3rd period - Snap shot by Spencer Machacek.
7:15 of 3rd period - Shot Misses the Net.
7:50 of 3rd period - Wrist shot by Mathieu Perreault.
7:50 of 3rd period - Shot Blocked by Cody McLeod.
8:26 of 3rd period - Wrist shot by Jonathan Rheault.
8:26 of 3rd period - Stopped by Al Montoya with a rebound.
8:28 of 3rd period - Slapshot by Bruno Gervais.
8:28 of 3rd period - Shot Misses the Net.
8:50 of 3rd period - Slapshot by Nathan Davis.
8:50 of 3rd period - Shot Misses the Net.
9:14 of 3rd period - Snap shot by Tim Kennedy.
9:14 of 3rd period - Shot Blocked by Dmitry Kulikov.
9:14 of 3rd period - Dmitry Kulikov from Rafales is injured at 9:14 of 3rd period (Left Leg).
9:15 of 3rd period - Kyle Brodziak wins face-off versus Geoff Paukovich in Rafales zone.
9:16 of 3rd period - Snap shot by Spencer Machacek.
9:16 of 3rd period - Stopped by Eddie Lack with a rebound.
9:21 of 3rd period - Off-side.
9:22 of 3rd period - Kyle Brodziak wins face-off versus Mike Zigomanis in neutral zone.
9:26 of 3rd period - Off-side.
9:27 of 3rd period - Craig Cunningham wins face-off versus Mike Zigomanis in neutral zone.
10:39 of 3rd period - Slapshot by Karel Pilar.
10:39 of 3rd period - Shot Hit the Post.
11:16 of 3rd period - Wrist shot by Jeff Skinner.
11:16 of 3rd period - Shot Blocked by Roman Josi.
11:53 of 3rd period - Icing by Roman Josi.
11:54 of 3rd period - Rhett Rakhshani wins face-off versus Nathan Davis in Saguenéens zone.
11:54 of 3rd period - Rhett Rakhshani is hit by Jeff Skinner.
12:02 of 3rd period - Snap shot by Nathan Davis.
12:02 of 3rd period - Shot Misses the Net.
12:04 of 3rd period - Slapshot by Ryan Ellis.
12:04 of 3rd period - Stopped by Al Montoya without a rebound.
12:05 of 3rd period - Spencer Machacek wins face-off versus Geoff Paukovich in Saguenéens zone.
12:07 of 3rd period - Icing by Kyle Brodziak.
12:08 of 3rd period - Kyle Brodziak wins face-off versus Geoff Paukovich in Saguenéens zone.
12:17 of 3rd period - Snap shot by Spencer Machacek.
12:17 of 3rd period - Stopped by Eddie Lack without a rebound.
12:18 of 3rd period - Kyle Brodziak wins face-off versus Mike Zigomanis in Rafales zone.
12:19 of 3rd period - Snap shot by Spencer Machacek.
12:19 of 3rd period - Stopped by Eddie Lack without a rebound.
12:20 of 3rd period - Mike Zigomanis wins face-off versus Kyle Brodziak in Rafales zone.
12:36 of 3rd period - Icing by Willie Mitchell.
12:37 of 3rd period - Brian Flynn wins face-off versus Mike Zigomanis in Rafales zone.
12:46 of 3rd period - Wrist shot by J.T. Wyman.
12:46 of 3rd period - Shot Misses the Net.
12:48 of 3rd period - Slapshot by Kevin Marshall.
12:48 of 3rd period - Shot Misses the Net.
12:58 of 3rd period - Minor Penalty to Willie Mitchell for Slashing.
12:59 of 3rd period - Kyle Brodziak wins face-off versus Mike Zigomanis in Rafales zone.
13:00 of 3rd period - Snap shot by Spencer Machacek.
13:00 of 3rd period - Shot Blocked by Mike Zigomanis.
13:00 of 3rd period - Mike Zigomanis from Rafales is injured at 13:00 of 3rd period (Left Foot).
13:01 of 3rd period - Michael Bournival wins face-off versus Kyle Brodziak in Rafales zone.
13:48 of 3rd period - Icing by Craig Cunningham.
13:49 of 3rd period - Kyle Brodziak wins face-off versus Michael Bournival in Saguenéens zone.
13:53 of 3rd period - Off-side.
13:54 of 3rd period - Michael Bournival wins face-off versus Kyle Brodziak in neutral zone.
14:05 of 3rd period - Michael Bournival is hit by Brett Lebda and loses puck.
14:18 of 3rd period - Michael Bournival is hit by Roman Josi and loses puck.
14:25 of 3rd period - Snap shot by Mathieu Perreault.
14:25 of 3rd period - Shot Blocked by Michael Bournival.
14:27 of 3rd period - Snap shot by Brian Flynn.
14:27 of 3rd period - Deflect By Mathieu Perreault.
14:27 of 3rd period - Shot Blocked by Ryan Ellis.
14:27 of 3rd period - Puck is out of play.
14:28 of 3rd period - Kyle Brodziak wins face-off versus Dan Fritsche in Rafales zone.
14:29 of 3rd period - Snap shot by Spencer Machacek.
14:29 of 3rd period - Shot Misses the Net.
14:31 of 3rd period - Slapshot by Kevin Marshall.
14:31 of 3rd period - Stopped by Eddie Lack with a rebound.
14:58 of 3rd period - Penalty to Willie Mitchell is over, Willie Mitchell is back on ice.
15:15 of 3rd period - Wrist shot by Kyle Brodziak.
15:15 of 3rd period - Shot Misses the Net.
15:17 of 3rd period - Snap shot by Spencer Machacek.
15:17 of 3rd period - Deflect By Kyle Brodziak.
15:17 of 3rd period - Shot Misses the Net.
15:17 of 3rd period - Puck is out of play.
15:18 of 3rd period - Nathan Davis wins face-off versus Teemu Pulkkinen in Rafales zone.
15:47 of 3rd period - Icing by Brett Lebda.
15:48 of 3rd period - Dan Fritsche wins face-off versus Juraj Mikus in Saguenéens zone.
15:53 of 3rd period - Snap shot by Rhett Rakhshani.
15:53 of 3rd period - Shot Misses the Net.
15:59 of 3rd period - Wrist shot by Juraj Mikus.
15:59 of 3rd period - Stopped by Eddie Lack without a rebound.
16:00 of 3rd period - Carl Klingberg wins face-off versus Brian Flynn in Rafales zone.
16:00 of 3rd period - Carl Klingberg is hit by Kevin Marshall.
16:05 of 3rd period - Willie Mitchell is hit by Kevin Marshall and loses puck.
16:17 of 3rd period - Minor Penalty to Kevin Veilleux for Tripping.
16:18 of 3rd period - Michael Bournival wins face-off versus Kyle Brodziak in Rafales zone.
16:34 of 3rd period - Snap shot by Ryan Ellis.
16:34 of 3rd period - Shot Misses the Net.
16:40 of 3rd period - Kyle Brodziak is hit by Michael Bournival and loses puck.
17:03 of 3rd period - Wrist shot by Karel Pilar.
17:03 of 3rd period - Goal by Karel Pilar - Rafales : 3 - Saguenéens : 5.
17:04 of 3rd period - Brian Flynn wins face-off versus Nathan Davis in neutral zone.
17:56 of 3rd period - Craig Cunningham is hit by Cody McLeod and loses puck.
18:18 of 3rd period - Icing by Willie Mitchell.
18:19 of 3rd period - Brian Flynn wins face-off versus Dan Fritsche in Rafales zone.
18:52 of 3rd period - Slapshot by Ryan Ellis.
18:52 of 3rd period - Stopped by Al Montoya with a rebound.
19:14 of 3rd period - Wrist shot by Teemu Pulkkinen.
19:14 of 3rd period - Stopped by Eddie Lack with a rebound.
19:35 of 3rd period - Minor Penalty to Brian Flynn for Interference.
19:36 of 3rd period - Kyle Brodziak wins face-off versus Geoff Paukovich in Saguenéens zone.
Goals for this period are 0 for Rafales vs 3 for Saguenéens.
Shots for this period are 13 for Rafales vs 16 for Saguenéens.